 Dungeon Crawl Stone Soup version 0.29.1-1-gd02db6906a (webtiles) character file.

Game seed: 460849638594223326

1201 MisterFreud the Covert (level 8, -2/67 HPs)
             Began as a Gnoll Delver on Sept 25, 2022.
             Slain by an orc
             ... wielding a +0 flail
              (8 damage)
             ... on level 5 of the Dungeon.
             The game lasted 00:07:26 (5715 turns).

MisterFreud the Covert (Gnoll Delver)               Turns: 5715, Time: 00:07:26

Health: -2/67      AC:  3    Str:  8 (9)  XL:     8   Next: 44%
Magic:  13/13      EV: 13    Int: 10 (13) God:
Gold:   250        SH:  0    Dex: 10 (13) Spells: 13/13 levels left

rFire   . . .      SeeInvis .   a - +1 short sword (spect)
rCold   . . .      Faith    +   l - orb {light}
rNeg    . . .      Spirit   .   b - +0 leather armour
rPois   .          Reflect  .   (helmet restricted)
rElec   .          Harm     .   (no cloak)
rCorr   .          Rampage  .   (no gloves)
Will    .....                   (no boots)
Stlth   ++........              u - amulet of faith
HPRegen 0.21/turn               (no ring)
MPRegen 0.13/turn               (no ring)

@: glowing, invisible (but backlit and visible) (expiring)
A: fangs 1, strong nose, distributed training, claws 1, horns 1, sense
surroundings 1, weak 1
a: no special abilities


You were on level 5 of the Dungeon.
You visited 1 branch of the dungeon, and saw 6 of its levels.

You collected 250 gold pieces.

Inventory:

Hand Weapons
 a - a +1 spectral short sword (weapon)
Missiles
 i - 7 boomerangs (quivered)
 v - 11 poisoned darts
 x - a throwing net
Armour
 b - a +0 leather armour (worn)
 l - an orb of light (worn)
Jewellery
 u - an amulet of faith (around neck)
 z - an amulet of the acrobat
 C - a ring of magical power
Wands
 g - a wand of digging (3)
 j - a wand of flame (19)
 A - a wand of quicksilver (7)
 B - a wand of mindburst (10)
Scrolls
 c - a scroll of fog
 d - 2 scrolls of magic mapping
 e - 2 scrolls of fear
 o - 5 scrolls of enchant weapon
 r - a scroll of identify
 y - a scroll of teleportation
Potions
 f - 2 potions of haste
 k - 2 potions of brilliance
 m - 3 potions of attraction
 n - a potion of berserk rage
 p - a potion of degeneration
 q - 2 potions of flight
 s - a potion of lignification


   Skills:
 + Level 7.4 Fighting
 + Level 5.8 Short Blades
 + Level 3.4 Long Blades
 + Level 3.4 Axes
 + Level 3.4 Maces & Flails
 + Level 3.4 Polearms
 + Level 3.4 Staves
 + Level 3.4 Ranged Weapons
 + Level 3.4 Throwing
 + Level 3.4 Armour
 + Level 5.8 Dodging
 + Level 10.2 Stealth
 + Level 3.4 Shields
 + Level 3.4 Unarmed Combat
 + Level 3.4 Spellcasting
 + Level 2.8 Conjurations
 + Level 2.8 Hexes
 + Level 2.8 Summonings
 + Level 2.8 Necromancy
 + Level 2.8 Translocations
 + Level 2.8 Transmutations
 + Level 2.8 Fire Magic
 + Level 2.8 Ice Magic
 + Level 2.8 Air Magic
 + Level 2.8 Earth Magic
 + Level 2.8 Poison Magic
 + Level 3.7 Invocations
 + Level 3.4 Evocations


You had 13 spell levels left.
You didn't know any spells.
Your spell library contained the following spells:

 Spells                   Type           Power      Damage    Failure   Level
 Dazzling Flash           Conj/Hex       14%        N/A       36%         3
 Agony                    Necr           7%         N/A       98%         5
 Silence                  Hex/Air        3%         N/A       98%         5


Dungeon Overview and Level Annotations

Branches:
Dungeon (6/15)
 Temple: D:4-7

Altars:


Innate Abilities, Weirdness & Mutations

You have very sharp teeth.
Your uncanny sense of smell can sniff out nearby items.
Your experience applies equally to all skills.
You have sharp fingernails.
You have a pair of small horns on your head.
You passively map a small area around you.
You are weak. (Str -2)


Message History

The centaur kicks you but does no damage.
The centaur hits you but does no damage.
The centaur kicks you but does no damage.
You hit the centaur.
You kill the centaur!
Your transformation is almost over.
You hit the orc but do no damage. The orc hits you but does no damage.
You hit the orc but do no damage.
The orc priest invokes the aid of Beogh against you.
Beogh smites you!
* * * LOW HITPOINT WARNING * * *
The orc hits you but does no damage.
You hit the orc but do no damage.
Aiming: Mindburst
Press: ? - help, Shift-Dir - straight line You can't see that place. [a rock wall.]
Okay, then.
Unknown command.
Okay, then.
Unknown command.
Unknown command.
Okay, then.
Unknown command.
Unknown command.
Unknown command.
As you read the scroll of fear, it crumbles to dust.
You assume a fearsome visage.
The orc priest looks frightened!
The orc looks frightened! x2
Okay, then.
You feel less wooden.
Your +0 leather armour unmelds from your body.
The orc barely misses you.
You hit the orc but do no damage.
Your attack snaps the orc out of its fear.
The orc closely misses you.
You hit the orc but do no damage. You headbutt the orc, but do no damage.
You flicker for a moment.
The orc hits you with a +0 flail!
You die...

.# .# ########### .#
#.........# .#
#.#######.#
[#######.# #.#
.........# #<#
.######### #[# ...#
#.# .#.##### #@#
.......# #o#
.#.###.#########.#*
.............##.#.#
#.####.#.......###.#
.. #.#c###.##.# ##
.# #.#.# #.# #.# #
#.#o# #.# ## #.#o#
#.#


You could see an orc.

Vanquished Creatures
  Sigmund (D:4)
  Edmund (D:4)
  An ogre (D:5)
  A centaur (D:5)
  A scorpion (D:4)
  A necrophage (D:4)
  5 wights
  2 hounds (D:5)
  3 iguanas
  Natasha (thrice) (D:4)
  3 orc wizards
  Terence (D:3)
  2 worms
  3 dart slugs (D:3)
  7 orcs
  11 bats
  8 endoplasms
  A giant cockroach (D:2)
  10 goblins
  9 hobgoblins
  5 jackals
  5 quokkas
  8 ball pythons
  A frilled lizard (D:1)
  9 kobolds
  2 rats
104 creatures vanquished.

Notes
Turn   | Place    | Note
-------+----------+-------------------------------------------
     0 | D:5      | Reached skill level 9 in Stealth
     0 | D:5      | MisterFreud the Gnoll Delver began the quest for the Orb.
     0 | D:5      | Reached XP level 1. HP: 23/23 MP: 1/1
    61 | D:5      | Noticed an ogre
    70 | D:5      | Killed an ogre
    71 | D:5      | Reached skill level 1 in Long Blades
    71 | D:5      | Reached skill level 1 in Axes
    71 | D:5      | Reached skill level 1 in Maces & Flails
    71 | D:5      | Reached skill level 1 in Polearms
    71 | D:5      | Reached skill level 1 in Staves
    71 | D:5      | Reached skill level 1 in Ranged Weapons
    71 | D:5      | Reached skill level 1 in Throwing
    71 | D:5      | Reached skill level 1 in Armour
    71 | D:5      | Reached skill level 1 in Shields
    71 | D:5      | Reached skill level 1 in Unarmed Combat
    71 | D:5      | Reached skill level 1 in Spellcasting
    71 | D:5      | Reached skill level 1 in Conjurations
    71 | D:5      | Reached skill level 1 in Hexes
    71 | D:5      | Reached skill level 1 in Summonings
    71 | D:5      | Reached skill level 1 in Necromancy
    71 | D:5      | Reached skill level 1 in Translocations
    71 | D:5      | Reached skill level 1 in Transmutations
    71 | D:5      | Reached skill level 1 in Fire Magic
    71 | D:5      | Reached skill level 1 in Ice Magic
    71 | D:5      | Reached skill level 1 in Air Magic
    71 | D:5      | Reached skill level 1 in Earth Magic
    71 | D:5      | Reached skill level 1 in Poison Magic
    71 | D:5      | Reached skill level 1 in Invocations
    71 | D:5      | Reached skill level 1 in Evocations
    71 | D:5      | Reached XP level 2. HP: 29/29 MP: 1/3
    71 | D:5      | Reached XP level 3. HP: 35/35 MP: 1/4
    71 | D:5      | Reached XP level 4. HP: 41/41 MP: 1/5
   113 | D:5      | Noticed an ogre
   152 | D:3      | Reached XP level 5. HP: 15/47 MP: 5/7
  1216 | D:1      | Found a faded altar of an unknown god.
  2172 | D:3      | Noticed Terence
  2486 | D:3      | Killed Terence
  2487 | D:3      | Reached XP level 6. HP: 32/53 MP: 8/8
  3168 | D:4      | Reached skill level 5 in Short Blades
  3168 | D:4      | Reached skill level 5 in Dodging
  3234 | D:4      | Noticed Edmund
  3248 | D:4      | Killed Edmund
  3388 | D:4      | Noticed Natasha
  3399 | D:4      | Killed Natasha
  3509 | D:4      | Noticed Sigmund
  3520 | D:4      | Killed Sigmund
  3521 | D:4      | Reached XP level 7. HP: 24/60 MP: 10/10
  3794 | D:4      | Reached skill level 10 in Stealth
  4058 | D:4      | Noticed Natasha
  4070 | D:4      | Killed Natasha
  4562 | D:4      | Reached XP level 8. HP: 41/65 MP: 12/12
  5449 | D:4      | Noticed Natasha
  5458 | D:4      | Killed Natasha
  5684 | D:5      | HP: 3/67 [centaur (4)]
  5687 | D:5      | Gained mutation: You are weak. (Str -2) [potion of
                  | mutation]
  5687 | D:5      | Gained mutation: You have a pair of small horns on your
                  | head. [potion of mutation]
  5687 | D:5      | Gained mutation: You passively map a small area around you.
                  | [potion of mutation]
  5687 | D:5      | Gained mutation: You have sharp fingernails. [potion of
                  | mutation]
  5715 | D:5      | Slain by an orc

Illustrated notes

Levels and vault maps discovered:
D:1:      saegor_arrival_simple_b, layout_rooms, basic_ecumenical_altar,
          chequers_serial_rivers_micro_e
D:2:      layout_loops_cross, kennysheep_nondescript
D:3:      layout_rooms, uniq_terence
D:4:      layout_basic, uniq_edmund, uniq_natasha, uniq_sigmund
D:5:      layout_loops_ring, kennysheep_generic_room_12, uniq_menkaure
D:6:      layout_basic, evilmike_ruin_ashenzari,
          minmay_temple_entry_from_below_a, uniq_crazy_yiuf_cottage,
          uniq_blork_the_orc

Skill      XL: |  1  2  3  4  5  6  7 |
---------------+----------------------+-----
Stealth        | 10 | 10.2
Long Blades    | 1 2 3 |  3.4
Axes           | 1 2 3 |  3.4
Maces & Flails | 1 2 3 |  3.4
Polearms       | 1 2 3 |  3.4
Staves         | 1 2 3 |  3.4
Ranged Weapons | 1 2 3 |  3.4
Throwing       | 1 2 3 |  3.4
Armour         | 1 2 3 |  3.4
Shields        | 1 2 3 |  3.4
Unarmed Combat | 1 2 3 |  3.4
Spellcasting   | 1 2 3 |  3.4
Conjurations   | 1 2 |  2.8
Hexes          | 1 2 |  2.8
Summonings     | 1 2 |  2.8
Necromancy     | 1 2 |  2.8
Translocations | 1 2 |  2.8
Transmutations | 1 2 |  2.8
Fire Magic     | 1 2 |  2.8
Ice Magic      | 1 2 |  2.8
Air Magic      | 1 2 |  2.8
Earth Magic    | 1 2 |  2.8
Poison Magic   | 1 2 |  2.8
Invocations    | 1 2 3 |  3.7
Evocations     | 1 2 3 |  3.4
Short Blades   | 5 |  5.8
Dodging        | 5 |  5.8
Fighting       | 7 |  7.4

Action                   |  1- 3 |  4- 6 |  7- 9 || total
-------------------------+-------+-------+-------++-------
Melee: Short sword       |     1 |   234 |   118 ||   353
       Bite              |       |    24 |    19 ||    43
       Punch             |       |     1 |       ||     1
       Headbutt          |       |       |     1 ||     1
Throw: Boomerang         |       |    35 |       ||    35
  Use: Scroll            |       |    10 |     1 ||    11
       Potion            |       |       |     9 ||     9
 Stab: Sleeping          |     1 |     7 |     1 ||     9
       Distracted        |       |     1 |       ||     1
Armor: Leather armour    |       |    42 |    18 ||    60
       Skin              |       |       |    32 ||    32
Dodge: Dodged            |       |   136 |    89 ||   225
